 Dungeon Crawl Stone Soup version 0.29.1-15-g9cfb28693d (webtiles) character file.

Game seed: 2663046024726489672

21 zeram the Shooter (level 2, -1/14 HPs)
             Began as a Spriggan Hunter on Apr 7, 2023.
             Slain by a goblin
             ... wielding a +0 club
             ... led by Robin
              (4 damage)
             ... on level 2 of the Dungeon.
             The game lasted 00:01:14 (689 turns).

zeram the Shooter (Spriggan Hunter)                  Turns: 689, Time: 00:01:14

Health: -1/14      AC:  2    Str:  7    XL:     2   Next: 62%
Magic:  3/3        EV: 14    Int: 10    God:
Gold:   76         SH:  0    Dex: 18    Spells: 1/1 levels left

rFire   . . .      SeeInvis +   a - +0 shortbow
rCold   . . .      Faith    .   (shield currently unavailable)
rNeg    . . .      Spirit   .   c - +0 robe
rPois   .          Reflect  .   (helmet restricted)
rElec   .          Harm     .   (no cloak)
rCorr   .          Rampage  .   (gloves unavailable)
Will    .....                   (boots unavailable)
Stlth   ++........              (no amulet)
HPRegen 0.04/turn               (no ring)
MPRegen 0.08/turn               (no ring)

@: constricted, very quick
A: very small, no large weapons, unfitting armour, see invisible, speed 3
a: no special abilities


You were on level 2 of the Dungeon.
You visited 1 branch of the dungeon, and saw 2 of its levels.

You collected 76 gold pieces.

Inventory:

Hand Weapons
 a - a +0 shortbow (weapon)
Armour
 c - a +0 robe (worn)
Scrolls
 b - a scroll of immolation
Potions
 d - 2 potions of curing {unknown}
 e - 2 potions of magic {unknown}


   Skills:
 - Level 1.5 Fighting
 + Level 4.7 Ranged Weapons
 + Level 2.7 Dodging
 + Level 2.0 Stealth


You had one spell level left.
You didn't know any spells.
Your spell library was empty.

Dungeon Overview and Level Annotations

Branches:
Dungeon (2/15)

Altars:

Shops:
D:1 [

Annotations:
D:2 Robin


Innate Abilities, Weirdness & Mutations

You are very small and have problems with some larger weapons.
You are too small for most types of armour.
You have supernaturally acute eyesight. (SInv)
You cover ground extremely quickly. (Speed+++)


Message History

Done exploring.
(D) Dungeon
Where to? (? - help)
There is a stone staircase leading down here.
You climb downwards.
Robin shouts!
The goblin shouts! x5; You hear a shout!
The goblin shouts!
The hobgoblin shouts!
Found a robe.
There is a stone staircase leading up here.
There are monsters nearby!
There are monsters nearby!
There are monsters nearby!
There are monsters nearby!
You shoot an arrow. The arrow misses the goblin.
The goblin shouts!
The frilled lizard hisses angrily.
A goblin comes into view. It is wielding a +0 dagger.
You shoot an arrow. The arrow hits the goblin.
You kill the goblin!
Robin throws the goblin at you! The goblin closely misses you.
You shoot an arrow. The arrow hits the goblin!
You kill the goblin!
Robin throws the goblin at you! The goblin closely misses you.
You shoot an arrow. The arrow hits the goblin.
You kill the goblin!
You hear a shout!
Robin throws the goblin at you!
A goblin comes into view. It is wielding a +0 club.
The goblin hits you with a +0 dagger. The goblin completely misses you.
Robin roars a battlecry!
The goblins go into a battle-frenzy!
The ball python barely misses you. The ball python misses you.
The goblin misses you. The goblin barely misses you.
There are no items here.
Unknown command.
The ball python closely misses you. The ball python grabs you.
You stop ascending the stairs.
The ball python constricts you. The goblin hits you with a +0 dagger.
* * * LOW HITPOINT WARNING * * *
The goblin hits you with a +0 club.
You die...

..# ... .. ...
#. .... #.#
.g... .
#..###gg...
...##..........
......S.gg.....
#.g@gg.[...
........gl...##
##########...#
..# .# #


You could see Robin, a hobgoblin (strong), 7 goblins, a ball python and a
frilled lizard.

Vanquished Creatures
  2 dart slugs (D:1)
  A bat (D:1)
  2 endoplasms (D:1)
  3 goblins (D:2)
  A hobgoblin (D:1)
  4 kobolds (D:1)
  2 ball pythons (D:1)
  2 rats (D:1)
17 creatures vanquished.

Notes
Turn   | Place    | Note
-------+----------+-------------------------------------------
     0 | D:1      | zeram the Spriggan Hunter began the quest for the Orb.
     0 | D:1      | Reached XP level 1. HP: 10/10 MP: 2/2
   257 | D:1      | Reached XP level 2. HP: 14/14 MP: 3/3
   362 | D:1      | Found Vuenieti's Armour Shop.
   468 | D:1      | Found a faded altar of an unknown god.
   684 | D:2      | Noticed Robin
   689 | D:2      | Slain by a goblin

Illustrated notes

Levels and vault maps discovered:
D:1:      saegor_arrival_miasma, layout_loops_ring, serial_shops,
          nicolae_shop_trees, ebering_ecumenical_altar_rust
D:2:      layout_rooms, chequers_big_river, uniq_robin

Skill      XL: |  1  2 |
---------------+-------+-----
Stealth        | 2 |  2.0
Fighting       | |  1.5
Ranged Weapons | |  4.7
Dodging        | |  2.7

Action                   || total
-------------------------++-------
 Fire: Shortbow          ||    43
Armor: Robe              ||     4
Dodge: Dodged            ||    20
